MLB
MILWAUKEE BREWERS @ ST. LOUIS CARDINALS
03/11/2042
 
TOP OF THE 1ST
Milwaukee Brewers batting - Pitching for St. Louis Cardinals : RHP Walt Boisson
Pitching: RHP Walt Boisson
Batting: SHB José Hernández 0-0: Ball
1-0: Called Strike
1-1: Swinging Strike
1-2: Fly out, F5 (Popup, 5L, EV 54.4 MPH)
Batting: LHB Pat Hicks 0-0: Foul Ball, location: 2F
0-1: Ball
1-1: Ball
2-1: DOUBLE (Line Drive, 7LM, EV 103.1 MPH)
Batting: RHB Pepe Franco 0-0: Called Strike
0-1: Ball
1-1: Ball
2-1: Called Strike
2-2: Ball
3-2: Ground out 5-3 (Groundball, 56, EV 100.6 MPH)
Pat Hicks to third
Batting: LHB Jesús Garza 0-0: Ball
1-0: Ball
2-0: Foul Ball, location: 2F
2-1: Foul Ball, location: 7LDF
2-2: Strikes out looking
Top of the 1st over - 0 runs, 1 hit, 0 errors, 1 left on base; Milwaukee 0 - St. Louis 0
BOTTOM OF THE 1ST
St. Louis Cardinals batting - Pitching for Milwaukee Brewers : RHP Tomás Palácios
Pitching: RHP Tomás Palácios
Batting: SHB Bob Wright 0-0: Fly out, F8 (Flyball, 89M, EV 89.4 MPH)
Batting: LHB Sexto Córdova 0-0: Called Strike
0-1: Ball
1-1: Ball
2-1: Ball
3-1: Fly out, F9 (Flyball, 9LS, EV 95.0 MPH)
Batting: LHB José Esparza 0-0: Foul Ball, location: 5DF
0-1: Ball
1-1: Swinging Strike
1-2: Foul Ball, location: 2F
1-2: Fly out, F7 (Flyball, 78S, EV 90.0 MPH)
Bottom of the 1st over - 0 runs, 0 hits, 0 errors, 0 left on base; Milwaukee 0 - St. Louis 0
TOP OF THE 2ND
Milwaukee Brewers batting - Pitching for St. Louis Cardinals : RHP Walt Boisson
Batting: LHB Jeff Flowers 0-0: Ball
1-0: Ball
2-0: Called Strike
2-1: Swinging Strike
2-2: Fly out, F7 (Flyball, 78S, EV 95.0 MPH)
Batting: LHB Juan Bruno 0-0: Ball
1-0: SOLO HOME RUN (Flyball, 7LD, EV 100.6 MPH), Distance : 377 ft
Batting: RHB Juan Alvarado 0-0: Called Strike
0-1: Ball
1-1: Ball
2-1: Fly out, F8 (Flyball, 8LXD, EV 111.3 MPH)
Batting: SHB Jim Henderson Jr. 0-0: Ground out 4-3 (Groundball, 4S, EV 80.0 MPH)
Top of the 2nd over - 1 run, 1 hit, 0 errors, 0 left on base; Milwaukee 1 - St. Louis 0
BOTTOM OF THE 2ND
St. Louis Cardinals batting - Pitching for Milwaukee Brewers : RHP Tomás Palácios
Batting: LHB Les Dufour 0-0: Ball
1-0: Ball
2-0: Swinging Strike
2-1: Foul Ball, location: 2F
2-2: Ball
3-2: Foul Ball, location: 5DF
3-2: Foul Ball, location: 3F
3-2: Ground out 2-3 (Groundball, 2L, EV 71.3 MPH)
Batting: RHB Sumitomo Nakamura 0-0: Foul Ball, location: 23F
0-1: Ball
1-1: Fly out, F8 (Flyball, 8LD, EV 103.1 MPH)
Batting: LHB Austin Wates Jr. 0-0: Ball
1-0: Called Strike
1-1: Ball
2-1: Foul Ball, location: 2F
2-2: Ball
3-2: Ground out 4-3 (Groundball, 4S, EV 72.5 MPH)
Bottom of the 2nd over - 0 runs, 0 hits, 0 errors, 0 left on base; Milwaukee 1 - St. Louis 0
TOP OF THE 3RD
Milwaukee Brewers batting - Pitching for St. Louis Cardinals : RHP Walt Boisson
Batting: RHB Dan Thompson 0-0: Ball
1-0: Ball
2-0: Ball
3-0: Called Strike
3-1: Called Strike
3-2: Ground out 5-3 (Groundball, 56, EV 95.0 MPH)
Batting: SHB José Hernández 0-0: Ball
1-0: Called Strike
1-1: Foul Ball, location: 2F
1-2: Single, Error in OF, E8, batter to second base (Groundball, 4MD, EV 108.8 MPH)
Batting: LHB Pat Hicks 0-0: Ball
1-0: TRIPLE (Line Drive, 89XD, EV 105.0 MPH)
José Hernández scores
Batting: RHB Pepe Franco 0-0: Called Strike
0-1: Called Strike
0-2: Foul Ball, location: 7LDF
0-2: Foul Ball, location: 5F
0-2: Strikes out looking
Batting: LHB Jesús Garza 0-0: SINGLE (Line Drive, 8LS, EV 91.9 MPH)
Pat Hicks scores
Batting: LHB Jeff Flowers 0-0: Ball
1-0: Fly out, F8 (Flyball, 8RXD, EV 96.9 MPH)
Top of the 3rd over - 2 runs, 3 hits, 1 error, 1 left on base; Milwaukee 3 - St. Louis 0
BOTTOM OF THE 3RD
St. Louis Cardinals batting - Pitching for Milwaukee Brewers : RHP Tomás Palácios
Batting: RHB Chris Alexander 0-0: Ball
1-0: Swinging Strike
1-1: Ball
2-1: Ball
3-1: Foul Ball, location: 5F
3-2: Base on Balls
Batting: SHB Iván Durán 0-0: Ball
1-0: Ball
2-0: Ball
3-0: Called Strike
3-1: Called Strike
3-2: Fly out, F9 (Flyball, 89M, EV 79.4 MPH)
Batting: RHB Joel Farmer 0-0: Foul Ball, location: 2F
0-1: Ball
1-1: Swinging Strike
1-2: Ball
2-2: Foul Ball, location: 9LSF
2-2: Foul Ball, location: 25F
2-2: Fly out, F7 (Flyball, 78M, EV 88.1 MPH)
Batting: SHB Bob Wright 0-0: Called Strike
0-1: Called Strike
0-2: Ball
1-2: Ball
2-2: Ball
3-2: Strikes out swinging
Bottom of the 3rd over - 0 runs, 0 hits, 0 errors, 1 left on base; Milwaukee 3 - St. Louis 0
TOP OF THE 4TH
Milwaukee Brewers batting - Pitching for St. Louis Cardinals : RHP Walt Boisson
Batting: LHB Juan Bruno 0-0: Ball
1-0: Swinging Strike
1-1: TRIPLE (Line Drive, 8RXD, EV 101.9 MPH)
Batting: RHB Juan Alvarado 0-0: Ball
1-0: Ball
2-0: Ball
3-0: Called Strike
3-1: Base on Balls
Batting: SHB Jim Henderson Jr. 0-0: Grounds into double play, 6-4-3 (Groundball, 6, EV 82.5 MPH)
Juan Bruno scores
Batting: RHB Dan Thompson 0-0: Ball
1-0: Foul Ball, location: 2F
1-1: Swinging Strike
1-2: Strikes out looking
Top of the 4th over - 1 run, 1 hit, 0 errors, 0 left on base; Milwaukee 4 - St. Louis 0
BOTTOM OF THE 4TH
St. Louis Cardinals batting - Pitching for Milwaukee Brewers : RHP Tomás Palácios
Pitching: RHP César Arche
Batting: LHB Sexto Córdova 0-0: Ball
1-0: Ball
2-0: Called Strike
2-1: Foul Ball, location: 2F
2-2: Foul Ball, location: 7LSF
2-2: Ground out 6-3 (Groundball, 6, EV 84.4 MPH)
Batting: LHB José Esparza 0-0: Ground out 1-3 (Groundball, 13S, EV 63.8 MPH)
Batting: LHB Les Dufour 0-0: Ball
1-0: DOUBLE (Line Drive, 7LS, EV 107.5 MPH)
Batting: RHB Sumitomo Nakamura 0-0: Called Strike
0-1: Called Strike
0-2: Ball
1-2: Ball
2-2: Ground out 5-3 (Groundball, 5L, EV 109.4 MPH)
Bottom of the 4th over - 0 runs, 1 hit, 0 errors, 1 left on base; Milwaukee 4 - St. Louis 0
TOP OF THE 5TH
Milwaukee Brewers batting - Pitching for St. Louis Cardinals : RHP Walt Boisson
Pitching: RHP Steve Foster
Batting: SHB José Hernández 0-0: Ball
1-0: Swinging Strike
1-1: Called Strike
1-2: Ball
2-2: SINGLE (Line Drive, 7S, EV 99.4 MPH)
Pinch Hitting: SHB Dylan Miles 0-0: Called Strike
0-1: Ball
José Hernández steals 2nd base (no throw)
1-1: Ball
2-1: Ball
3-1: Base on Balls
Batting: RHB Pepe Franco 0-0: Ball
José Hernández steals 3rd base
1-0: Fly out, F7 (Flyball, 78M, EV 85.6 MPH)
Runner from 3rd tags up, SCORES, throw by LF
Pinch Hitting: RHB Dan Howard 0-0: Ball
1-0: Foul Ball, location: 2F
1-1: Ball
2-1: Ball
3-1: Foul Ball, location: 23F
3-2: Fly out, F2 (Popup, 2LF, EV 81.3 MPH)
Batting: LHB Jeff Flowers 0-0: Ball
1-0: Fly out, F6 (Popup, P, EV 81.9 MPH)
Top of the 5th over - 1 run, 1 hit, 0 errors, 1 left on base; Milwaukee 5 - St. Louis 0
BOTTOM OF THE 5TH
St. Louis Cardinals batting - Pitching for Milwaukee Brewers : RHP César Arche
Now at 2B: Dan Howard
Now at 3B: Jesús Jiménez
Now in CF: Dave Lynch
Now in RF: Wally Brown
Batting: LHB Austin Wates Jr. 0-0: Ball
1-0: Foul Ball, location: 2RF
1-1: Called Strike
1-2: Strikes out swinging
Batting: RHB Chris Alexander 0-0: Ball
1-0: Foul Ball, location: 7LMF
1-1: Ball
2-1: Ground out 4-3 (Groundball, 4S, EV 87.5 MPH)
Batting: SHB Iván Durán 0-0: Ball
1-0: Ball
2-0: DOUBLE (Line Drive, 78XD, EV 98.1 MPH)
Batting: RHB Joel Farmer 0-0: Foul Ball, location: 3SF
0-1: Reached on error, E6 (Groundball, 6, EV 107.5 MPH)
Iván Durán to third
Pinch Hitting: RHB José Días 0-0: Called Strike
0-1: Swinging Strike
0-2: Ball
1-2: SINGLE (Flyball, 9LS, EV 96.9 MPH)
Iván Durán scores
Joel Farmer to second
Runner from 2nd tries for 3rd, SAFE, throw by RF made to third
Batting: LHB Sexto Córdova 0-0: Ball
1-0: Called Strike
1-1: Ball
2-1: Foul Ball, location: 3FF
2-2: Strikes out looking
Bottom of the 5th over - 1 run, 2 hits, 1 error, 2 left on base; Milwaukee 5 - St. Louis 1
TOP OF THE 6TH
Milwaukee Brewers batting - Pitching for St. Louis Cardinals : RHP Steve Foster
Pitching: LHP Ken Myers
Now at 3B: António Valentín
Now at SS: Tony Vance
Now in CF: José Días
Pinch Hitting: RHB José Hernández 0-0: Called Strike
0-1: DOUBLE (Flyball, 8RXD, EV 96.3 MPH)
Pinch Hitting: RHB Jeff Huff 0-0: Called Strike
0-1: Fly out, F8 (Flyball, 8LD, EV 101.3 MPH)
Batting: SHB Jim Henderson Jr. 0-0: Ground out 5-3 (Groundball, 56, EV 103.8 MPH)
Pinch Hitting: RHB José Cruz 0-0: Ball
1-0: Fly out, F9 (Flyball, 89M, EV 99.4 MPH)
Top of the 6th over - 0 runs, 1 hit, 0 errors, 1 left on base; Milwaukee 5 - St. Louis 1
BOTTOM OF THE 6TH
St. Louis Cardinals batting - Pitching for Milwaukee Brewers : RHP César Arche
Pitching: RHP Steve Jobson
Now at 1B: José Hernández
Now at SS: José Cruz
Now in LF: Jeff Huff
Batting: LHB José Esparza 0-0: Ball
1-0: Called Strike
1-1: Foul Ball, location: 2F
1-2: Ball
2-2: Ball
3-2: Ground out U3 (Groundball, 3, EV 106.3 MPH)
Batting: RHB António Valentín 0-0: Ball
1-0: Ball
2-0: Ball
3-0: Called Strike
3-1: Base on Balls
Batting: RHB Sumitomo Nakamura 0-0: Ball
1-0: Ball
2-0: Grounds into double play, 5-4-3 (Groundball, 56, EV 93.1 MPH)
Bottom of the 6th over - 0 runs, 0 hits, 0 errors, 0 left on base; Milwaukee 5 - St. Louis 1
TOP OF THE 7TH
Milwaukee Brewers batting - Pitching for St. Louis Cardinals : LHP Ken Myers
Pitching: RHP José Manuel
Batting: LHB Wally Brown 0-0: Called Strike
0-1: Foul Ball, location: 5SF
0-2: Ball
1-2: Foul Ball, location: 5DF
1-2: Ground out 4-3 (Groundball, 4, EV 91.9 MPH)
Batting: LHB Dave Lynch 0-0: Ball
1-0: Ball
2-0: Foul Ball, location: 2F
2-1: Ground out 6-3 (Groundball, 6, EV 83.8 MPH)
Batting: LHB Jesús Jiménez 0-0: Ball
1-0: Called Strike
1-1: Swinging Strike
1-2: Strikes out looking
Top of the 7th over - 0 runs, 0 hits, 0 errors, 0 left on base; Milwaukee 5 - St. Louis 1
BOTTOM OF THE 7TH
St. Louis Cardinals batting - Pitching for Milwaukee Brewers : RHP Steve Jobson
Pinch Hitting: RHB Gilberto García 0-0: Ground out 6-3 (Groundball, 6, EV 80.0 MPH)
Batting: RHB Tony Vance 0-0: Called Strike
0-1: Called Strike
0-2: Ball
1-2: Foul Ball, location: 2F
1-2: Foul Ball, location: 25FF
1-2: Foul Ball, location: 2F
1-2: Fly out, F4 (Line Drive, 4, EV 71.3 MPH)
Batting: RHB Greg Thompson 0-0: Ground out 4-3 (Groundball, 4, EV 90.6 MPH)
Bottom of the 7th over - 0 runs, 0 hits, 0 errors, 0 left on base; Milwaukee 5 - St. Louis 1
TOP OF THE 8TH
Milwaukee Brewers batting - Pitching for St. Louis Cardinals : RHP José Manuel
Pitching: LHP Víctor Hernández
Now at 1B: Gilberto García
Batting: RHB Dan Howard 0-0: Called Strike
0-1: Foul Ball, location: 23F
0-2: Strikes out swinging
Batting: SHB Jorge Miranda 0-0: SOLO HOME RUN (Flyball, 7D, EV 111.3 MPH), Distance : 421 ft
Batting: RHB José Hernández 0-0: Foul Ball, location: 5F, Error on foul ball, E5
0-1: Ball
1-1: Called Strike
1-2: Ball
2-2: SINGLE (Groundball, 34D, EV 100.6 MPH)
Batting: RHB Jeff Huff 0-0: Ball
1-0: Called Strike
1-1: Ball
2-1: Foul Ball, location: 5F
2-2: Fly out, F8 (Flyball, 89S, EV 88.1 MPH)
Batting: SHB Jim Henderson Jr. 0-0: Fielders Choice at 2nd, 6-4 (Groundball, 6, EV 102.5 MPH)
Top of the 8th over - 1 run, 2 hits, 1 error, 1 left on base; Milwaukee 6 - St. Louis 1
BOTTOM OF THE 8TH
St. Louis Cardinals batting - Pitching for Milwaukee Brewers : RHP Steve Jobson
Pitching: RHP José Durán
Batting: RHB Joel Farmer 0-0: Foul Ball, location: 5F
0-1: Called Strike
0-2: Strikes out swinging
Batting: RHB José Días 0-0: Ball
1-0: Ground out 4-3 (Groundball, 4, EV 103.8 MPH)
Batting: LHB Sexto Córdova 0-0: Ground out 4-3 (Groundball, 4, EV 83.8 MPH)
Bottom of the 8th over - 0 runs, 0 hits, 0 errors, 0 left on base; Milwaukee 6 - St. Louis 1
TOP OF THE 9TH
Milwaukee Brewers batting - Pitching for St. Louis Cardinals : LHP Víctor Hernández
Pitching: LHP Whit Nixon
Batting: RHB José Cruz 0-0: Ball
1-0: Called Strike
1-1: Ball
2-1: Ball
3-1: Base on Balls
Batting: LHB Wally Brown 0-0: Ball
José Cruz steals 2nd base
1-0: Ground out U3 (Groundball, 3, EV 110.6 MPH)
José Cruz to third
Batting: LHB Dave Lynch 0-0: Ball
1-0: Foul Ball, location: 7LMF
1-1: Ball
2-1: Foul Ball, location: 2F
2-2: Ground out 5-3 (Groundball, 5, EV 90.6 MPH)
Pinch Hitting: RHB António Hernández 0-0: SINGLE (Groundball, 6D, EV 99.4 MPH)
José Cruz scores
Pinch Hitting: SHB Joe Campbell 0-0: Ball
1-0: Swinging Strike
1-1: Called Strike
1-2: Foul Ball, location: 2F
1-2: SINGLE (Groundball, 6MD, EV 108.8 MPH)
António Hernández to second
Batting: SHB Jorge Miranda 0-0: Foul Ball, location: 2F
0-1: Foul Ball, location: 3SF
0-2: Ball
1-2: Ball
2-2: Strikes out looking
Top of the 9th over - 1 run, 2 hits, 0 errors, 2 left on base; Milwaukee 7 - St. Louis 1
BOTTOM OF THE 9TH
St. Louis Cardinals batting - Pitching for Milwaukee Brewers : RHP José Durán
Pitching: RHP Edgardo Guzmán
Now at 2B: Joe Campbell
Now at 3B: Clement Santegoeds
Batting: LHB José Esparza 0-0: Called Strike
0-1: Fly out, F8 (Flyball, 8RS, EV 94.4 MPH)
Batting: RHB António Valentín 0-0: Called Strike
0-1: Ball
1-1: Foul Ball, location: 2F
1-2: Fly out, F7 (Flyball, 7D, EV 97.5 MPH)
Pinch Hitting: LHB Tomás Quezada 0-0: Foul Ball, location: 25F
0-1: Ball
1-1: Ball
2-1: Foul Ball, location: 2F
2-2: Foul Ball, location: 7LDF
2-2: Fly out, F5 (Line Drive, 5L, EV 68.8 MPH)
Bottom of the 9th over - 0 runs, 0 hits, 0 errors, 0 left on base; Milwaukee 7 - St. Louis 1
Wednesday, May 1st , 2024 - OOTP Baseball 24.10 Build 82